 Dungeon Crawl Stone Soup version 0.29-a0-823-gc37b1572da (webtiles) character file.

Game seed: 13960130033327236847

72 gobodom the Covered (level 4, -3/35 HPs)
             Began as a Demonspawn Fighter on July 9, 2022.
             Killed from afar by an orc wizard (8 damage)
             ... with a magic dart
             ... on level 3 of the Dungeon.
             The game lasted 00:04:23 (1760 turns).

gobodom the Covered (Demonspawn Fighter)            Turns: 1760, Time: 00:04:24

Health: -3/35      AC:  6    Str: 19    XL:     4   Next: 7%
Magic:  4/4        EV:  9    Int:  9    God:
Gold:   25         SH:  0    Dex: 12    Spells: 3/3 levels left

rFire   . . .      SeeInvis .   a - +0 war axe
rCold   . . .      Faith    .   c - +0 buckler
rNeg    . . .      Spirit   .   b - +0 scale mail
rPois   .          Reflect  .   (no helmet)
rElec   .          Harm     .   (no cloak)
rCorr   .          Rampage  .   (no gloves)
Will    .....                   (no boots)
Stlth   ..........              (no amulet)
HPRegen 0.11/turn               j - ring of flight
MPRegen 0.09/turn               (no ring)

@: confused, flying
A: hooves 1
a: no special abilities


You were on level 3 of the Dungeon.
You visited 1 branch of the dungeon, and saw 3 of its levels.

You collected 25 gold pieces.

Inventory:

Hand Weapons
 a - a +0 war axe (weapon)
Armour
 b - a +0 scale mail (worn)
 c - a +0 buckler (worn)
Jewellery
 j - a ring of flight (left hand)
Scrolls
 e - a scroll of noise {unknown}
 g - a scroll of teleportation {unknown}
 l - a scroll of fear {unknown}
 m - a scroll of identify
 n - a scroll of vulnerability {unknown}
Potions
 d - 2 potions of might
 f - a potion of curing
 h - a potion of magic {unknown}
 i - a potion of heal wounds {unknown}
 k - a potion of haste {unknown}
 o - a potion of lignification {unknown}
 p - a potion of attraction {unknown}


   Skills:
 + Level 3.1 Fighting
 + Level 2.7 Axes
 + Level 3.3 Armour
 + Level 0.1 Dodging
 + Level 0.1 Stealth
 + Level 3.1 Shields


You had 3 spell levels left.
You didn't know any spells.
Your spell library contained the following spells:

 Spells                   Type           Power      Damage    Failure   Level
 Apportation              Tloc           0%         N/A       85%         1
 Necrotise                Necr           0%         1d4       85%         1
 Summon Small Mammal      Summ           0%         N/A       85%         1
 Call Canine Familiar     Summ           0%         N/A       99%         3
 Portal Projectile        Hex/Tloc       0%         N/A       99%         3
 Leda's Liquefaction      Hex/Erth       0%         N/A       100%        4


Dungeon Overview and Level Annotations

Branches:
Dungeon (3/15)

Altars:
Trog


Innate Abilities, Weirdness & Mutations

You have large cloven feet.


Message History

The orc priest begins to cast a cantrip, but forgets the words!
The orc wizard attacks as you move away!
The orc wizard hits you with a +0 dagger.
You hit the orc but do no damage. The orc hits you but does no damage.
The orc priest hits you but does no damage.
You hit the orc. Your kick misses the orc.
The orc is severely wounded.
The orc hits you but does no damage.
The orc priest hits you from afar with a +0 trident.
You block the orc's attack.
You slash the orc!
You kill the orc!
The orc priest looks encouraged for a moment.
As you read the scroll labelled QYDIACE IKLAH, it crumbles to dust.
It is a scroll of identify.
f - a potion of curing You barely miss the orc wizard.
You kick the orc wizard, but do no damage.
The orc wizard is moderately wounded.
The orc wizard casts a spell at you.
You are confused.
The orc wizard misses you.
You bump into the rock wall.
The orc wizard points at you and mumbles some strange words.
The puff of flame hits you!
* * * LOW HITPOINT WARNING * * *
You bump into the rock wall.
The orc wizard hits you with a +0 dagger.
* * * LOW HITPOINT WARNING * * *
You slash the orc wizard!
The orc wizard is almost dead.
The orc wizard closely misses you.
You bump into the rock wall.
The orc wizard gestures at you while chanting.
You are more confused.
You closely miss the orc wizard. Your kick misses the orc wizard.
The orc wizard is almost dead.
The orc wizard gestures at you while chanting.
The magic dart hits you!
You die...

......###....$.#.# #....
.......bO.##.#..# ##.###
......###.##.O.###.#....
...o..###.####..#.##..#.
....o.oo...###.#.##...#.
...o.#oO......#....####
##. #b#......####...#
#o#..##..# ###.#.
#@#......# ...
#.#.##...# ###
....##..?# ##.... ..
#####


You could see an ogre, an orc wizard, 3 orcs and a bat.

Vanquished Creatures
  2 adders (D:2)
  A worm (D:2)
  2 dart slugs
  An orc (D:3)
  7 endoplasms
  A giant cockroach (D:1)
  2 goblins (D:1)
  3 hobgoblins (D:1)
  4 jackals
  2 quokkas (D:1)
  4 ball pythons
  5 bats
  A frilled lizard (D:2)
  6 kobolds
  2 rats
43 creatures vanquished.

Vanquished Creatures (others)
  5 plants
  3 withered plants (D:3)
8 creatures vanquished.

Grand Total: 51 creatures vanquished

Notes
Turn   | Place    | Note
-------+----------+-------------------------------------------
     0 | D:1      | gobodom the Demonspawn Fighter began the quest for the Orb.
     0 | D:1      | Reached XP level 1. HP: 18/18 MP: 1/1
   216 | D:1      | Gained mutation: You have large cloven feet. [demonic
                  | ancestry]
   216 | D:1      | Reached XP level 2. HP: 22/24 MP: 2/2
   816 | D:2      | Reached XP level 3. HP: 29/29 MP: 3/3
  1664 | D:3      | Found a bloodstained altar of Trog.
  1690 | D:3      | Reached XP level 4. HP: 35/35 MP: 4/4
  1734 | D:3      | Noticed an ogre
  1737 | D:3      | Found a faded altar of an unknown god.
  1760 | D:3      | Killed from afar by an orc wizard

Illustrated notes

Levels and vault maps discovered:
D:1:      matt_arrival_diagonals, layout_basic, grunt_decor_cap
D:2:      layout_basic, serial_forest, infiniplex_forest_straight_3,
          infiniplex_forest_straight_4, infiniplex_forest_clump_curved,
          infiniplex_forest_clump_medium, infiniplex_forest_straight_2
D:3:      layout_loops_cross, bloody_trog, gammafunk_temple_overflow_forgotten,
          ebering_ecumenical_altar_petrified

Skill      XL: |  1  2 |
---------------+-------+-----
Armour         | 3 |  3.3
Shields        | 3 |  3.1
Axes           | 2 |  2.7
Fighting       | |  3.1
Dodging        | |  0.1
Stealth        | |  0.1

Action                   |  1- 3 |  4- 6 || total
-------------------------+-------+-------++-------
Melee: War axe           |    93 |     8 ||   101
       Kick              |    13 |     2 ||    15
  Use: Scroll            |       |     1 ||     1
Armor: Scale mail        |    56 |     6 ||    62
Dodge: Dodged            |    56 |     7 ||    63
Block: Buckler           |    22 |     4 ||    26

Table legend: (Time is in decaauts)
 A = Elapsed time spent in this place.
 B = Non-inter-level travel time spent in this place.
 C = Inter-level travel time spent in this place.
 D = Time resting spent in this place.
 E = Time spent auto-exploring this place.
 F = Levels seen in this place.
 G = Mean time per level.
                   A        B        C        D        E       F      G
               +--------+--------+--------+--------+--------+-----+--------+
         Total |   1802 |   1680 |    122 |      0 |   1303 |   3 |  600.7 |
       Dungeon |   1802 |   1680 |    122 |      0 |   1303 |   3 |  600.7 |
               +--------+--------+--------+--------+--------+-----+--------+

Top non-repeatable levels by time:
     D:2: 907 daAuts
     D:1: 794 daAuts
     D:3: 100 daAuts
